 Dungeon Crawl Stone Soup version 0.20-a0 (webtiles) character file.

842 motkustreak442 the Poker (level 8, -1/54 HPs)
             Began as an Octopode Berserker on Oct 27, 2016.
             Was an Elder of Trog.
             Slain by a wight
             ... wielding a +2 long sword of freezing
              (4 damage)
             ... on level 6 of the Dungeon.
             The game lasted 00:07:12 (3967 turns).

motkustreak442 the Poker (Octopode Berserker)       Turns: 3967, Time: 00:07:13

Health: -1/54      AC:  2    Str: 16    XL:     8   Next: 0%
Magic:  8/8        EV: 15    Int:  9    God:    Trog [****..]
Gold:   293        SH:  0    Dex: 14    Spells: 0 memorised, 7 levels left

rFire  . . .     SeeInvis .     a - +0 spear
rCold  . . .     Gourm    .     (no shield)
rNeg   . . .     Faith    .     (helmet restricted)
rPois  .         Spirit   .     (no amulet)
rElec  .         Reflect  .     v - ring of wizardry (curse)
rCorr  .         Harm     .     o - +1 ring of protection
MR     .....                    (no ring)
Stlth  ++++......               (no ring)
                                (no ring)
                                (no ring)
                                (no ring)
                                (no ring)

@: drained
A: almost no armour, stealthy swim, amphibious, 8 rings, constrict 8, camouflage
1, gelatinous body 1
a: Berserk, Trog's Hand, Brothers in Arms, Burn Spellbooks, Renounce Religion


You were on level 6 of the Dungeon.
You worshipped Trog.
Trog was greatly pleased with you.
You were not hungry.

You visited 1 branch of the dungeon, and saw 6 of its levels.

You collected 293 gold pieces.

Inventory:

Hand Weapons
 a - a +0 spear (weapon)
 q - a +2 mace of protection
 s - a +0 mace of crushing
 A - a +0 scythe
Missiles
 i - 2 javelins of penetration (quivered)
Jewellery
 o - a +1 ring of protection (right tentacle)
 v - a cursed ring of wizardry (left tentacle)
Scrolls
 f - a scroll of random uselessness
 j - 2 scrolls of blinking {unknown}
 k - a scroll of magic mapping {unknown}
 l - 3 scrolls of remove curse {unknown}
 m - 12 scrolls of identify {unknown}
 n - 2 scrolls of enchant weapon {unknown}
 u - 2 scrolls of amnesia {unknown}
 w - a scroll of fog {unknown}
 y - 4 scrolls of enchant armour {unknown}
 B - 3 scrolls of teleportation {unknown}
 D - 3 scrolls of noise {unknown}
Potions
 c - a potion of curing {unknown}
 d - a potion of invisibility {unknown}
 e - 4 potions of ambrosia {unknown}
 g - 2 potions of might {unknown}
 p - a potion of cure mutation {unknown}
 r - 3 potions of heal wounds {unknown}
 t - a potion of agility {unknown}
 E - a potion of mutation {unknown}
Books
 x - a book of Changes

   Spells                             Type                      Level
   a - Beastly Appendage              Transmutation                1
   b - Sticks to Snakes               Transmutation                2
   c - Spider Form                    Transmutation/Poison         3
   d - Ice Form                       Ice/Transmutation            4
   e - Blade Hands                    Transmutation                5
   Trog disapproves of the use of such an item.
 C - a book of Frost

   Spells                             Type                      Level
   a - Freeze                         Ice                          1
   b - Throw Frost                    Conjuration/Ice              2
   c - Ozocubu's Armour               Charms/Ice                   3
   d - Throw Icicle                   Conjuration/Ice              4
   e - Summon Ice Beast               Ice/Summoning                4
   Trog disapproves of the use of such an item.
Comestibles
 b - 8 bread rations
 h - 4 meat rations
 z - 3 fruits


   Skills:
 + Level 4.9(4.5) Fighting
 * Level 6.4(6.0) Polearms
 + Level 4.4(4.0) Dodging
 + Level 5.4(5.0) Stealth


You had 7 spell levels left.
You didn't know any spells.

Dungeon Overview and Level Annotations

Branches:
Dungeon (6/15)
 Temple: D:4-7

Altars:
Ashenzari
Dithmenos
Fedhas
Gozag
Okawaru
Trog
Vehumet
Zin


Innate Abilities, Weirdness & Mutations

You cannot wear most types of armour.
You are very stealthy in the water. (Stealth+)
You are amphibious.
You can wear up to eight rings at the same time.
You can use your tentacles to constrict eight enemies at once.
Your skin changes colour to match your surroundings (Stealth+).
Your rubbery body absorbs attacks. (AC +1, EV +1)


Message History

The wight is lightly damaged.
You constrict the wight, but do no damage.
The wight misses you.
You hit the wight but do no damage.
You squeeze the wight, but do no damage.
The wight is lightly damaged.
You constrict the wight, but do no damage.
You hit the wight.
The wight is lightly damaged.
You constrict the wight. The wight closely misses you.
You hit the wight but do no damage.
The wight is moderately damaged.
You constrict the wight, but do no damage.
The adder zombie bites you.
The wight hits you with a long sword of freezing!
* * * LOW HITPOINT WARNING * * *
You feel drained.
* * * LOW HITPOINT WARNING * * *
The wight freezes you.
You die...

#.# #.##.# ### #.##.#
... #.##.#
###.####.##.## ###
............. ..#
#.....<#.##.# #.#
#.####$..##.#####.#
#...z@..%)......#.#
......Z..####.###.#.####
#.#.###### #.###.......
# #.......####
####..###..#
#.....)....#
#.##..##...# #.
#..##...# #. #..##...#


You could see a wight and an adder zombie.

Vanquished Creatures
  2 ogres (D:5)
  A scorpion (D:6)
  3 wights (D:6)
  4 crimson imps
  2 jellies
  A hound (D:4)
  4 gnolls
  A howler monkey skeleton (D:4)
  9 adders
  A shadow imp (D:5)
  2 oozes
  A worm (D:4)
  A dart slug (D:1)
  4 leopard geckos
  7 orcs
  2 ball pythons (D:2)
  11 bats
  6 giant cockroaches
  15 goblins
  12 hobgoblins
  6 jackals
  13 kobolds
  4 quokkas
  8 frilled lizards
  6 rats
126 creatures vanquished.

Notes
Turn   | Place    | Note
-------+----------+-------------------------------------------
     0 | D:1      | motkustreak442 the Octopode Berserker began the quest for the Orb.
     0 | D:1      | Reached XP level 1. HP: 16/16 MP: 1/1
   122 | D:1      | Reached skill level 1 in Stealth
   186 | D:1      | Reached XP level 2. HP: 21/21 MP: 2/2
   436 | D:1      | Reached XP level 3. HP: 26/26 MP: 3/3
   477 | D:1      | Reached ** piety under Trog
  1023 | D:2      | Reached XP level 4. HP: 28/31 MP: 4/4
  1405 | D:2      | Reached skill level 4 in Polearms
  1408 | D:2      | Reached *** piety under Trog
  1461 | D:2      | Reached XP level 5. HP: 36/36 MP: 5/5
  1587 | D:3      | Found a bloodstained altar of Trog.
  1622 | D:3      | Found an iron altar of Okawaru.
  1695 | D:3      | Found a blossoming altar of Fedhas.
  1821 | D:3      | Found a glowing silver altar of Zin.
  2109 | D:4      | Found a radiant altar of Vehumet.
  2118 | D:4      | Reached XP level 6. HP: 38/43 MP: 6/6
  2206 | D:4      | Reached skill level 5 in Polearms
  2248 | D:4      | Reached **** piety under Trog
  2448 | D:4      | Found a shattered altar of Ashenzari.
  2869 | D:5      | Entered Level 5 of the Dungeon
  2928 | D:5      | Reached XP level 7. HP: 38/49 MP: 7/7
  3337 | D:5      | Found an opulent altar of Gozag.
  3381 | D:5      | Found a shadowy altar of Dithmenos.
  3424 | D:5      | Reached skill level 6 in Polearms
  3885 | D:6      | Reached skill level 5 in Stealth
  3913 | D:6      | Reached XP level 8. HP: 30/54 MP: 8/8
  3967 | D:6      | Slain by a wight

Vault maps used:
D:1:      dpeg_arrival_arbitrary_c, serial_forest, infiniplex_forest_clump_tiny,
          infiniplex_forest_clump_medium, infiniplex_forest_pool,
          infiniplex_forest_clump_medium, infiniplex_forest_straight_1,
          infiniplex_forest_3_way, minmay_cut_off
D:2:      minivault_27, minmay_tromino_v4_b
D:3:      minmay_diamond_boxcup, okawaru_metal_pillars_1_2, lemuel_doored_altar,
          lemuel_crystal_altar, fedhas_altar_3
D:4:      kennysheep_little_box, vehumet_crystals, sigmund_army
D:5:      kennysheep_mini, first_bread, basic_altar
D:6:      lemuel_crystal_altar, serial_shops, shop, corexii_shack,
          kennysheep_cross_bottleneck

Skill      XL: |  1  2  3  4  5  6  7 |
---------------+----------------------+-----
Stealth        | 1 2 3 4 5 |  5.4
Polearms       | 4 5 6 |  6.4
Fighting       | 4 |  4.9
Dodging        | 4 |  4.4

Action                   |  1- 3 |  4- 6 |  7- 9 || total
-------------------------+-------+-------+-------++-------
Melee: Spear             |   100 |   138 |    59 ||   297
       Constrict         |    15 |    26 |     7 ||    48
       Tentacles         |     9 |    27 |     8 ||    44
       Scythe            |       |    14 |     2 ||    16
Invok: Berserk           |       |     4 |     2 ||     6
  Use: Scroll            |       |     1 |       ||     1
 Stab: Sleeping          |    11 |    25 |     1 ||    37
       Distracted        |     1 |       |       ||     1
  Eat: Chunk             |       |    10 |     3 ||    13
       Fruit             |       |       |     2 ||     2
Armor: Skin              |     3 |     5 |     2 ||    10
Dodge: Dodged            |    36 |    56 |    15 ||   107
